 Dungeon Crawl Stone Soup version 0.28-a0-178-ga708605c5b (webtiles) character file.

Game seed: 6093305632651611084

45 rlgrobin the Skirmisher (level 3, -1/29 HPs)
             Began as a Mummy Fighter on Aug 17, 2021.
             Slain by a black bear (4 damage)
             ... on level 2 of the Dungeon.
             The game lasted 00:03:51 (1501 turns).

rlgrobin the Skirmisher (Mummy Fighter)             Turns: 1501, Time: 00:03:53

Health: -1/29      AC:  7    Str: 20    XL:     3   Next: 42%
Magic:  12/12      EV:  7    Int:  7    God:
Gold:   90         SH:  8    Dex: 11    Spells: 2/2 levels left

rFire   x . .      SeeInvis .   d - staff of poison
rCold   + . .      Faith    .   c - +0 kite shield
rNeg    + + +      Spirit   .   b - +0 scale mail
rPois   ∞          Reflect  .   m - +0 helmet
rElec   .          Harm     .   (no cloak)
rCorr   .          Rampage  .   (no gloves)
Will    .....                   (no boots)
Stlth   ..........              (no amulet)
HPRegen 0.09/turn               i - ring of magical power
MPRegen 0.13/turn               (no ring)

@: no status effects
A: cold resistance 1, negative energy resistance 3, torment resistance 2, heat
vulnerability 1, no potions
a: no special abilities


You were on level 2 of the Dungeon.
You visited 1 branch of the dungeon, and saw 2 of its levels.

You collected 90 gold pieces.

Inventory:

Hand Weapons
 a - a +0 trident
 k - a +3 hunting sling
Missiles
 l - 14 stones (quivered)
Armour
 b - a +0 scale mail (worn)
 c - a +0 kite shield (worn)
 m - a +0 helmet (worn)
Magical Staves
 d - a staff of poison (weapon)
Jewellery
 i - a ring of magical power (left hand)
Scrolls
 e - a scroll of immolation {unknown}
 f - a scroll of fear {unknown}
 g - a scroll of teleportation {unknown}
 h - a scroll of amnesia {unknown}
 j - a scroll of magic mapping {unknown}


   Skills:
 + Level 3.5 Fighting
 + Level 2.2 Polearms
 - Level 2.4 Armour
 + Level 2.9 Shields


You had 2 spell levels left.
You didn't know any spells.
Your spell library was empty.

Dungeon Overview and Level Annotations

Branches:
Dungeon (2/15)

Altars:


Innate Abilities, Weirdness & Mutations

You are immune to poison.
Your flesh is cold resistant. (rC+)
You are immune to negative energy. (rN+++)
You are immune to unholy pain and torment.
You are vulnerable to heat. (rF-)
You do not drink.


Message History

Press: ? - help, Q - select action Shift-Dir - straight line, f/p - black bear
Aim: a black bear (lightly wounded, 68% to hit)
Okay, then.
a - a +0 trident (weapon)
Okay, then.
You puncture the black bear!
The black bear is heavily wounded.
You block the black bear's attack. The black bear closely misses you.
You block the black bear's attack.
d - a staff of poison (weapon)
The black bear bites you. You block the black bear's attack. x2
You hit the black bear.
The black bear is severely wounded.
You block the black bear's attack.
The black bear claws you but does no damage. x2
You hit the black bear.
The black bear is almost dead.
The black bear closely misses you. The black bear claws you.
The black bear claws you but does no damage.
The black bear closely misses you.
The black bear claws you but does no damage.
The black bear claws you.
Your shield and scale mail prevent you from hitting the black bear.
The black bear is almost dead.
The black bear goes berserk!
Your shield and scale mail prevent you from hitting the black bear.
The black bear is almost dead.
The black bear bites you but does no damage.
The black bear claws you but does no damage. x2
The black bear bites you.
The black bear claws you but does no damage.
The black bear claws you.
You hit the black bear.
The black bear is almost dead.
The black bear bites you. The black bear claws you.
The black bear claws you but does no damage.
The black bear bites you.
* * * LOW HITPOINT WARNING * * *
You block the black bear's attack. The black bear claws you.
You die...

..# #........# ..#
#........# ..#
#..#####.#
..####..#####.#
..............#
..####.######.#
..####.# #.# ....##.#
#.######.### .)####.#
#...@h..(..( ..).)..#
#.######.### ..######
#.#
..###########.######.#
.....................#
..............########
.###.########.# .# #.#
#.# .# #.# #.#


You could see a black bear (berserk).

Vanquished Creatures
  Robin (D:2)
  3 bats
  An endoplasm (D:2)
  A giant cockroach (D:1)
  11 goblins
  2 hobgoblins
  2 kobolds (D:1)
  5 ball pythons
  4 frilled lizards
  3 rats
33 creatures vanquished.

Notes
Turn   | Place    | Note
-------+----------+-------------------------------------------
     0 | D:1      | rlgrobin the Mummy Fighter began the quest for the Orb.
     0 | D:1      | Reached XP level 1. HP: 18/18 MP: 1/1
   438 | D:1      | Reached XP level 2. HP: 24/24 MP: 2/2
  1262 | D:2      | Reached XP level 3. HP: 25/29 MP: 3/3
  1288 | D:2      | Noticed Robin
  1297 | D:2      | Killed Robin
  1489 | D:2      | Noticed a black bear
  1501 | D:2      | Slain by a black bear

Illustrated notes

Levels and vault maps discovered:
D:1:      lordsloth_arrival_two_stooges, layout_loops_corners,
          kennysheep_decorative_pillar
D:2:      layout_basic, ebering_ecumenical_altar_mist, uniq_robin

Skill      XL: |  1  2 |
---------------+-------+-----
Polearms       | 2 |  2.2
Fighting       | |  3.5
Armour         | |  2.4
Shields        | |  2.9

Action                   || total
-------------------------++-------
Melee: Trident           ||    45
       Staff             ||    50
 Fire: Hunting sling     ||     6
Armor: Scale mail        ||    53
Dodge: Dodged            ||    34
Block: Kite shield       ||    47

Table legend: (Time is in decaauts)
 A = Elapsed time spent in this place.
 B = Non-inter-level travel time spent in this place.
 C = Inter-level travel time spent in this place.
 D = Time resting spent in this place.
 E = Time spent auto-exploring this place.
 F = Levels seen in this place.
 G = Mean time per level.
                   A        B        C        D        E       F      G
               +--------+--------+--------+--------+--------+-----+--------+
         Total |   1544 |   1516 |     28 |    242 |    980 |   2 |  772.0 |
       Dungeon |   1544 |   1516 |     28 |    242 |    980 |   2 |  772.0 |
               +--------+--------+--------+--------+--------+-----+--------+

Top non-repeatable levels by time:
     D:1: 1046 daAuts
     D:2: 497 daAuts
